 Dungeon Crawl Stone Soup version 0.30.0-5-g1a98f26d00 (webtiles) character file.

Game seed: 17461395453927039771

558 juan097 the Trooper (level 7, -4/62 HPs)
             Began as a Minotaur Fighter on May 11, 2023.
             Slain by Pikel
             ... wielding a +1 whip of electrocution
              (20 damage)
             ... on level 4 of the Dungeon on May 12, 2023.
             The game lasted 00:06:38 (2749 turns).

juan097 the Trooper (Minotaur Fighter)              Turns: 2749, Time: 00:06:39

Health: -4/62      AC:  9    Str: 22    XL:     7   Next: 9%
Magic:  6/6        EV: 14    Int:  5    God:
Gold:   224        SH:  5    Dex: 10    Spells: 6/6 levels left

rFire   . . .        a - +1 hand axe (elec)
rCold   . . .        c - +0 buckler
rNeg    . . .        i - +0 scale mail
rPois   .            (helmet restricted)
rElec   .            (no cloak)
rCorr   .            (no gloves)
SInv    .            j - +1 pair of boots {Stlth+}
Will    .....        (no amulet)
Stlth   +            r - +5 ring of evasion
HPRegen 0.30/turn    (no ring)
MPRegen 0.10/turn

%: no passive effects
@: no status effects
A: horns 2, retaliatory headbutt
a: no special abilities


You were on level 4 of the Dungeon.
You visited 1 branch of the dungeon, and saw 4 of its levels.

You collected 224 gold pieces.

Inventory:

Hand Weapons
 a - a +1 hand axe of electrocution (weapon)
 b - a +2 whip of venom
 m - the +2 short sword of the Dungeon {chaos, Will++}
   (You took it off a gnoll on level 2 of the Dungeon)

   Will:      It greatly increases your willpower.
 u - a +0 war axe
Missiles
 s - 4 boomerangs (quivered)
Armour
 c - a +0 buckler (worn)
 e - a +0 pair of boots
 i - a +0 scale mail (worn)
 j - a +1 pair of boots of stealth (worn)
Jewellery
 r - a +5 ring of evasion (left hand)
 x - a ring of ice
Wands
 v - a wand of charming (12)
Scrolls
 f - a scroll of identify {unknown}
 h - 3 scrolls of teleportation {unknown}
 l - a scroll of vulnerability {unknown}
 n - a scroll of poison {unknown}
 o - a scroll of torment {unknown}
 p - a scroll of brand weapon {unknown}
 q - a scroll of enchant weapon {unknown}
Potions
 d - a potion of might
 g - 4 potions of curing {unknown}
 k - 2 potions of mutation {unknown}
 t - a potion of resistance {unknown}
 w - a potion of haste {unknown}
 z - a potion of heal wounds {unknown}


   Skills:
 + Level 5.9 Fighting
 + Level 5.0 Axes
 + Level 5.7 Armour
 - Level 2.0 Stealth
 - Level 5.0 Shields


You had 6 spell levels left.
You didn't know any spells.
Your spell library was empty.

Dungeon Overview and Level Annotations

Branches:
Dungeon (4/15)
 Temple: D:4-7

Altars:

Annotations:
D:4 Pikel


Innate Abilities, Weirdness & Mutations

You have a pair of horns on your head.
You reflexively headbutt those who attack you in melee.


Message History

You barely miss Edmund.
Edmund is almost dead.
Edmund closely misses you.
You hit Edmund but do no damage.
Edmund is almost dead.
Edmund closely misses you.
Edmund hits you with a +1 flail of protection.
You hit Edmund but do no damage.
Edmund is almost dead.
Edmund misses you. You block Edmund's attack.
You hit Edmund but do no damage. Lightning courses through Edmund!
You kill Edmund!
Your Axes skill increases to level 5!
You have reached level 7!
You hit the dart slug but do no damage. The dart slug closely misses you.
You hit the dart slug. You headbutt the dart slug!
The dart slug is almost dead.
You slash the dart slug!
You kill the dart slug!
Items here: ) [ †††.
Pikel is nearby!
Pikel shouts!
You slash Pikel! You headbutt Pikel, but do no damage.
Pikel is moderately wounded.
Pikel hits you with a +1 whip of electrocution.
You slash Pikel!
Pikel is heavily wounded.
Pikel completely misses you.
You hit Pikel but do no damage. Lightning courses through Pikel!
Pikel is almost dead.
Pikel hits you with a +1 whip of electrocution.
You closely miss Pikel.
Pikel is almost dead.
Pikel hits you with a +1 whip of electrocution.
You are electrocuted!!
* * * LOW HITPOINT WARNING * * *
You barely miss Pikel.
Pikel is almost dead.
Pikel hits you but does no damage.
You are electrocuted!!
You die...

#####
#.#######....
#.........#
#...<.#
.....###K###
... #.@.### .
###...# ###.##
. #..### ...
##...#####.....
##...).......(
#...####.###.
#......#.###
.#######...#


You could see Pikel.

Vanquished Creatures
  Edmund (D:4)
  2 scorpions
  A howler monkey (D:4)
  A hound (D:3)
  An orc priest (D:3)
  8 gnolls
  4 adders
  3 dart slugs
  9 orcs (D:3)
  5 endoplasms
  2 giant cockroaches (D:2)
  8 goblins
  10 hobgoblins
  9 jackals (D:1)
  4 quokkas
  7 ball pythons
  6 bats
  5 frilled lizards
  5 kobolds
  2 rats (D:1)
93 creatures vanquished.

Notes
Turn   | Place    | Note
-------+----------+-------------------------------------------
     0 | D:1      | juan097 the Minotaur Fighter began the quest for the Orb.
     0 | D:1      | Reached XP level 1. HP: 19/19 MP: 0/0
    59 | D:1      | Reached XP level 2. HP: 27/27 MP: 1/1
   326 | D:1      | Reached XP level 3. HP: 33/33 MP: 2/2
   662 | D:2      | Reached skill level 1 in Stealth
   850 | D:2      | Reached XP level 4. HP: 40/40 MP: 3/3
  1147 | D:2      | Identified the +2 short sword of the Dungeon {chaos,
                  | Will++}
  1265 | D:2      | Reached XP level 5. HP: 41/47 MP: 4/4
  1819 | D:3      | Found a faded altar of an unknown god.
  2042 | D:3      | Reached skill level 5 in Fighting
  2042 | D:3      | Reached XP level 6. HP: 56/56 MP: 5/5
  2507 | D:3      | Reached skill level 5 in Armour
  2507 | D:3      | Reached skill level 5 in Shields
  2615 | D:4      | Noticed Pikel
  2682 | D:4      | Noticed Edmund
  2706 | D:4      | Killed Edmund
  2707 | D:4      | Reached skill level 5 in Axes
  2707 | D:4      | Reached XP level 7. HP: 28/62 MP: 6/6
  2749 | D:4      | Slain by Pikel

Illustrated notes

Levels and vault maps discovered:
D:1:      nzn_arrival_water_spiral, layout_loops_cross
D:2:      layout_basic
D:3:      minmay_razor_zed, layout_basic, chequers_ecumenical_altar_grove
D:4:      layout_rooms, nicolae_vehumet_radiance,
          nicolae_ru_great_annihilating_truth, uniq_sigmund, uniq_pikel,
          uniq_edmund

Skill      XL: |  1  2  3  4  5  6 |
---------------+-------------------+-----
Fighting       | 4 5 |  5.9
Armour         | 4 5 |  5.7
Shields        | 4 5 |  5.0
Axes           | 3 5 |  5.0
Stealth        | 1 2 |  2.0

Action                     |  1- 3 |  4- 6 |  7- 9 || total
---------------------------+-------+-------+-------++-------
  Melee: War axe           |    49 |       |       ||    49
         Headbutt          |    10 |    16 |     2 ||    28
         Whip              |     4 |    80 |       ||    84
         Hand axe          |       |    56 |     8 ||    64
   Stab: Sleeping          |       |     1 |       ||     1
 Armour: Scale mail        |    22 |    40 |     1 ||    63
  Dodge: Dodged            |    30 |    60 |     2 ||    92
  Block: Buckler           |    10 |    32 |       ||    42
